 Dungeon Crawl Stone Soup version 0.24.0-123-gd5b16e6ec5 (webtiles) character file.

Game seed: 9803272505903418758, levelgen mode: deterministic

13167 FishyPogo the Fighter (level 11, 0/92 HPs)
             Began as a Demonspawn Gladiator on Jan 19, 2020.
             Was the Champion of Okawaru.
             Slain by Urug
             ... wielding a +5 war axe
              (7 damage)
             ... on level 12 of the Dungeon.
             The game lasted 00:41:09 (12060 turns).

FishyPogo the Fighter (Demonspawn Gladiator)       Turns: 12060, Time: 00:41:10

Health: 0/92       AC: 21    Str: 18    XL:     11   Next: 72%
Magic:  21/21      EV: 14    Int:  9    God:    Okawaru [******]
Gold:   705        SH:  5    Dex: 15    Spells: 10/10 levels left

rFire    + + .     SeeInvis .   (no weapon)
rCold    + . .     Gourm    .   t - +0 buckler
rNeg     . . .     Faith    .   T - +4 ring mail
rPois    +         Spirit   .   c - +0 helmet
rElec    +         Reflect  .   (no cloak)
rCorr    +         Harm     .   P - +2 pair of gloves
MR       +....                  (no boots)
Stlth    +.........             D - amulet of the acrobat
HPRegen  0.25/turn              A - ring of magical power
MPRegen  0.17/turn              z - +2 ring of protection

@: resistant, hasted, invisible, very quick
A: claws 2, slimy green scales 3, fire resistance 1, magic resistance 1, powered
by pain 2
a: Heroism, Finesse, Renounce Religion


You were on level 12 of the Dungeon.
You worshipped Okawaru.
Okawaru was exalted by your worship.
You were not hungry.

You visited 2 branches of the dungeon, and saw 13 of its levels.
You also visited: Ossuary.

You collected 705 gold pieces.

Inventory:

Hand Weapons
 a - a +5 hand axe
 b - a +3 hand axe of flaming
 Q - a +1 falchion of holy wrath
Missiles
 d - 6 throwing nets
 l - 347 stones
 r - 30 poisoned darts (quivered)
 y - 8 boomerangs
 F - 2 atropa-tipped darts
Armour
 c - a +0 helmet (worn)
 t - a +0 buckler (worn)
 P - a +2 pair of gloves (worn)
 T - a +4 ring mail (worn)
Jewellery
 z - a +2 ring of protection (right hand)
 A - a ring of magical power (left hand)
 D - an amulet of the acrobat (around neck)
Wands
 o - a wand of acid (7)
 w - a wand of digging (5)
 H - a wand of scattershot (2)
 N - a wand of disintegration (20)
 S - a wand of iceblast (26)
 U - a wand of flame (17)
Scrolls
 g - a scroll of blinking
 i - 11 scrolls of identify
 j - 2 scrolls of teleportation
 k - 5 scrolls of amnesia
 m - 3 scrolls of remove curse
 p - a scroll of fear
 s - a scroll of summoning {unknown}
 u - a scroll of random uselessness {unknown}
 v - 3 scrolls of noise {unknown}
 E - a scroll of enchant weapon {unknown}
 I - a scroll of immolation
 J - 2 scrolls of fog {unknown}
 O - a scroll of vulnerability {unknown}
Potions
 e - 2 potions of curing
 h - 3 potions of mutation
 x - 2 potions of brilliance
 B - a potion of haste
 C - 3 potions of lignification
 K - a potion of might
Comestibles
 f - 22 rations
 n - 3 chunks of flesh


   Skills:
 * Level 10.5 Fighting
 * Level 8.1(8.5) Axes
   Level 3.4(6.2) Maces & Flails
 + Level 6.0 Throwing
 * Level 8.5 Armour
 - Level 5.0 Dodging
 - Level 4.0 Shields
 + Level 1.7 Invocations


You had 10 spell levels left.
You didn't know any spells.
Your spell library contained the following spells:

 Spells                   Type           Power        Failure   Level  Hunger
 Freeze                   Ice            #...         54%         1    ##.....
 Ozocubu's Armour         Chrm/Ice       #.......     89%         3    ####...
 Petrify                  Tmut/Erth      #.......     100%        4    #####..
 Bolt of Magma            Conj/Fire/Erth #.........   100%        5    ######.
 Summon Forest            Summ/Tloc      #.........   100%        5    ######.
 Iron Shot                Conj/Erth      #.........   100%        6    #######
 Spellforged Servitor     Conj/Summ      #.........   100%        7    #######
 Ignition                 Fire           #.........   100%        8    #######


Dungeon Overview and Level Annotations

Branches:
Dungeon (12/15)            Temple (0/1) D:5            Lair (1/6) D:11
    Orc (0/2) D:10        Ossuary (visited)

Altars:
Cheibriados
Okawaru
Qazlal
Trog
Vehumet
The Shining One

Portals:
Ice
Cave: D:12

Annotations:
D:12 Urug
Lair:1 3 runed translucent doors, Sayna's ghost, novice GrFi


Innate Abilities, Weirdness & Mutations

You have very sharp fingernails.
You are completely covered in slimy green scales. (AC +4, rPois)
You sometimes gain power by taking damage.
Your flesh is heat resistant. (rF+)
You are resistant to hostile enchantments. (MR+)


Message History

Your +0 helmet unmelds from your body.
Your +2 pair of gloves unmelds from your body.
Your +4 ring mail unmelds from your body.
You feel a little less mighty now.
The sentinel's mark upon you fades away.
The orc throws a boomerang.
The boomerang hits you.
* * * LOW HITPOINT WARNING * * *
The weapon returns to the orc!
Urug hits you with a +5 war axe.
* * * LOW HITPOINT WARNING * * *
It was a potion of haste.
You feel yourself speed up.
A centaur warrior comes into view.
Urug misses you.
It was a potion of resistance.
You feel protected. The orc misses you.
It was a potion of invisibility.
You fade into invisibility!
A yak comes into view.
Urug hits you with a +5 war axe!
You die...

#####..########****+*********,*
#.............##.......,,,,,,,,
#....................Y...,,,,*,
#.............#....<.....,,,,*,
#.........r...##.........,,,,*,
#.............##.........,,,,*,
#.............##........$,,,,,,
#...........()##o#.......,,,,**
##############@o.........,,,,**
#o#5∩.#.##+******* #5.........#
##..#....### #.....###****
#.#.#....,>,* #...#.###**,*
###<..#,,,*,* *.###,*,*,* ***


You could see Urug, a yak (wandering), an orc priest, 2 shadow imps, an orc and
a quokka.

Vanquished Creatures
  Harold (D:7)
  3 two-headed ogres
  An ugly thing (D:11)
  A cyclops (D:12)
  Joseph (D:8)
  A komodo dragon (D:11)
  2 trolls (D:11)
  A hippogriff (D:11)
  Prince Ribbit (D:7)
  4 yaks (D:11)
  A spriggan (D:9)
  A basilisk (D:12)
  Grum (D:10)
  4 wargs (D:10)
  Menkaure (D:6)
  3 vampire mosquitoes
  2 water moccasins
  An acid dragon (D:11)
  Duvessa (D:7)
  2 black bears
  5 orc warriors
  A sky beast (D:9)
  6 ogres
  2 phantoms
  2 wolves (D:10)
  4 centaurs
  An elf zombie (Ossuary)
  8 bullfrogs
  A big kobold (D:11)
  2 gnoll sergeants
  Dowan (D:7)
  2 scorpions (D:7)
  9 killer bees
  8 wights
  5 bullfrog zombies
  2 howler monkeys
  5 crimson imps
  4 hounds
  A bullfrog skeleton (D:8)
  4 centaur zombies
  3 human zombies (Ossuary)
  3 centaur skeletons
  3 jellies
  6 orc priests
  12 orc wizards
  3 iguanas
  5 worker ants
  2 big kobold zombies (Ossuary)
  3 hound zombies
  4 hound skeletons
  3 mummies (Ossuary)
  12 gnolls
  15 adders
  4 shadow imps
  An ooze (D:4)
  3 adder zombies
  3 worms
  5 dart slugs
  8 leopard geckos
  38 orcs
  3 ball pythons
  5 bats
  6 giant cockroaches
  A gnoll zombie (Ossuary)
  9 goblins
  5 hobgoblins
  13 jackals
  4 quokkas
  8 frilled lizards
  3 goblin zombies (Ossuary)
  3 hobgoblin zombies (Ossuary)
  8 jackal zombies (Ossuary)
  19 kobolds
  4 kobold zombies (Ossuary)
  A leopard gecko skeleton (D:6)
  An orc zombie (Ossuary)
  A quokka skeleton (D:4)
  5 quokka zombies
  9 rats
  2 rat zombies (Ossuary)
352 creatures vanquished.

Vanquished Creatures (others)
  An orc wizard (D:5)
  3 plants (Lair:1)
4 creatures vanquished.

Grand Total: 356 creatures vanquished

Notes
Turn   | Place    | Note
-------+----------+-------------------------------------------
     0 | D:1      | FishyPogo the Demonspawn Gladiator began the quest for the
                  | Orb.
     0 | D:1      | Reached XP level 1. HP: 16/16 MP: 1/1
   108 | D:1      | Gained mutation: You are partially covered in slimy green
                  | scales. (AC +2) [demonic ancestry]
   108 | D:1      | Reached XP level 2. HP: 19/22 MP: 2/2
   325 | D:1      | Reached skill level 1 in Armour
   851 | D:2      | Gained mutation: You sometimes gain a little power by
                  | taking damage. [demonic ancestry]
   851 | D:2      | Reached XP level 3. HP: 25/28 MP: 3/3
  1203 | D:2      | Gained mutation: You have sharp fingernails. [demonic
                  | ancestry]
  1203 | D:2      | Reached XP level 4. HP: 34/34 MP: 4/4
  1293 | D:2      | Found a glowing golden altar of the Shining One.
  1502 | D:3      | Reached skill level 3 in Fighting
  1719 | D:3      | Gained mutation: You sometimes gain power by taking damage.
                  | [demonic ancestry]
  1719 | D:3      | Reached XP level 5. HP: 39/41 MP: 5/5
  2072 | D:3      | Found an iron altar of Okawaru.
  2092 | D:3      | Became a worshipper of Warmaster Okawaru
  2115 | D:3      | Reached skill level 1 in Shields
  2425 | D:4      | Found a stormy altar of Qazlal.
  2433 | D:4      | Gained mutation: You have very sharp fingernails. [demonic
                  | ancestry]
  2433 | D:4      | Reached XP level 6. HP: 40/48 MP: 6/6
  2666 | D:4      | Found a sand-covered staircase.
  2684 | Ossuary  | Entered an ossuary
  2703 | Ossuary  | Reached skill level 1 in Maces & Flails
  2743 | Ossuary  | Reached skill level 4 in Fighting
  2983 | Ossuary  | Reached * piety under Okawaru
  3054 | Ossuary  | Gained mutation: You are resistant to hostile enchantments.
                  | (MR+) [potion of mutation]
  3054 | Ossuary  | Gained mutation: Your flesh is heat resistant. (rF+)
                  | [potion of mutation]
  3078 | Ossuary  | Gained mutation: You are mostly covered in slimy green
                  | scales. (AC +3) [demonic ancestry]
  3078 | Ossuary  | Reached XP level 7. HP: 16/55 MP: 7/7
  4147 | D:5      | Entered Level 5 of the Dungeon
  4225 | D:5      | Reached skill level 5 in Fighting
  4261 | D:5      | Found a staircase to the Ecumenical Temple.
  4596 | D:5      | HP: 2/56 [orc/stone (2)]
  4648 | D:5      | Reached ** piety under Okawaru
  4669 | D:5      | Reached XP level 8. HP: 23/63 MP: 8/8
  5281 | D:6      | Reached skill level 6 in Fighting
  5324 | D:6      | Noticed Menkaure
  5335 | D:6      | Killed Menkaure
  5509 | D:6      | Reached *** piety under Okawaru
  6029 | D:6      | Reached skill level 7 in Fighting
  6029 | D:6      | Reached XP level 9. HP: 28/72 MP: 9/9
  6633 | D:7      | Noticed Dowan
  6640 | D:7      | Noticed Duvessa
  6661 | D:7      | Killed Duvessa
  6947 | D:7      | Killed Dowan
  7040 | D:7      | Reached skill level 5 in Armour
  7162 | D:7      | Noticed Harold
  7170 | D:7      | Killed Harold
  7170 | D:7      | Reached **** piety under Okawaru
  7170 | D:7      | Reached skill level 8 in Fighting
  7177 | D:7      | Found a bloodstained altar of Trog.
  7214 | D:7      | Reached skill level 5 in Axes
  7340 | D:7      | Noticed Prince Ribbit
  7384 | D:7      | Killed Prince Ribbit
  7550 | D:8      | Gained mutation: You are completely covered in slimy green
                  | scales. (AC +4, rPois) [demonic ancestry]
  7550 | D:8      | Reached XP level 10. HP: 35/80 MP: 10/10
  7569 | D:8      | Reached skill level 5 in Dodging
  7731 | D:8      | Found a snail-covered altar of Cheibriados.
  7908 | D:8      | Found a radiant altar of Vehumet.
  7955 | D:8      | Reached ***** piety under Okawaru
  8011 | D:8      | Noticed Joseph
  8024 | D:8      | Killed Joseph
  8278 | D:8      | Identified Weattiajic's Collected Works on Burning
                  | Companions
  8355 | D:9      | Noticed a two-headed ogre
  8370 | D:9      | Killed a two-headed ogre
  8370 | D:9      | Reached skill level 9 in Fighting
  8893 | D:10     | Entered Level 10 of the Dungeon
  8966 | D:10     | Reached skill level 5 in Throwing
  9283 | D:10     | Noticed Grum
  9310 | D:10     | Killed Grum
  9921 | D:10     | Found a staircase to the Orcish Mines.
  9934 | D:10     | Reached XP level 11. HP: 78/89 MP: 11/11
 10189 | D:11     | Noticed a two-headed ogre
 10196 | D:11     | Killed a two-headed ogre
 10351 | D:11     | Identified Sif Muna's Incunabulum of Glacial Clay
 10488 | D:11     | Reached ****** piety under Okawaru
 10596 | D:11     | Reached skill level 10 in Fighting
 10675 | D:11     | Noticed a two-headed ogre
 10694 | D:11     | Killed a two-headed ogre
 10694 | D:11     | Received a gift from Okawaru
 10841 | D:11     | Found a staircase to the Lair.
 11145 | D:11     | Noticed a cyan ugly thing
 11155 | D:11     | Killed a cyan ugly thing
 11566 | Lair:1   | Entered Level 1 of the Lair of Beasts
 11566 | Lair:1   | Found a runed translucent gate.
 11566 | Lair:1   | Found a runed translucent gate.
 11566 | Lair:1   | Found a runed translucent gate.
 11566 | Lair:1   | Noticed Sayna's ghost (novice GrFi)
 11566 | Lair:1   | Noticed a ten-headed hydra
 11647 | Lair:1   | Noticed a nine-headed hydra
 11671 | D:11     | Reached skill level 1 in Invocations
 11985 | D:12     | Found a frozen archway.
 12035 | D:12     | Noticed Urug
 12058 | D:12     | Noticed a centaur warrior
 12060 | D:12     | Slain by Urug

Levels and vault maps discovered:
D:1:      lightli_arrival_statuegarden, layout_loops_corners
D:2:      layout_loops_cross, marbit_many_paths
D:3:      layout_rooms, okawaru_ov_weapons_minmay, minmay_fractal_squares_5
D:4:      layout_gridville, nicolae_ossuary_entry_ruins, grunt_decor_cap,
          lemuel_statue_altar
D:5:      layout_cave_pools, minmay_temple_entry_statues_fountains,
          first_ration, minmay_misc_feat_tiny
D:6:      layout_gridville, uniq_menkaure
D:7:      layout_cave_pools, kennysheep_little_box, uniq_harold,
          uniq_prince_ribbit1, uniq_duvessa
D:8:      layout_loops_corners, vehumet_crystals, basic_altar, uniq_joseph
D:9:      layout_cave_pools, the_bakery
D:10:     layout_long_grid, minmay_orc_entry_guard_dogs, uniq_grum
D:11:     layout_grid_maze, lair_entry_dummy, minmay_statues_item
D:12:     layout_roguey, portal_ice_cave_entry_pillars_1,
          minmay_fractal_squares_gapless_7, uniq_urug
Lair:1:   layout_gridlike, gammafunk_ghost_hydra_chop, roderic_batcave,
          nicolae_lair_grove_arrangements, chequers_serial_rivers_micro_b,
          serial_bayou_pond_c, beast_lair_carwin_4

Skill      XL: |  1  2  3  4  5  6  7  8  9 10 11 |
---------------+----------------------------------+-----
Throwing       | 2 3 4 5 6 |  6.0
Armour         | 1 2 3 4 5 7 8 |  8.5
Axes           | 3 5 6 8 |  8.1
Dodging        | 3 4 5 |  5.0
Fighting       | 3 4 5 7 8 9 10 | 10.5
Shields        | 1 2 3 4 |  4.0
Maces & Flails | 1 2 3 |  3.4
Invocations    | 1 |  1.7

Action                   |  1- 3 |  4- 6 |  7- 9 | 10-12 || total
-------------------------+-------+-------+-------+-------++-------
Melee: War axe           |   100 |   110 |     7 |       ||   217
       Mace              |       |   168 |   324 |       ||   492
       Hand axe          |       |       |   180 |   583 ||   763
       Unarmed           |       |       |       |     4 ||     4
Throw: Stone             |       |     7 |    16 |    10 ||    33
       Dart              |       |       |     6 |    29 ||    35
       Boomerang         |       |       |       |    22 ||    22
Invok: Heroism           |       |       |       |     1 ||     1
Evoke: Wand              |       |       |       |     1 ||     1
  Use: Potion            |       |     5 |     6 |     5 ||    16
       Scroll            |       |     6 |     2 |     3 ||    11
 Stab: Sleeping          |     1 |     1 |     2 |       ||     4
       Distracted        |       |     1 |     1 |       ||     2
  Eat: Chunk             |     1 |     5 |    14 |    15 ||    35
       Ration            |       |       |     1 |       ||     1
Armor: Leather armour    |    41 |   131 |   144 |       ||   316
       Ring mail         |       |       |    32 |   202 ||   234
       Skin              |       |       |       |     3 ||     3
Dodge: Dodged            |    74 |   232 |   333 |   393 ||  1032
Block: Buckler           |       |    43 |   134 |   130 ||   307
